 Dungeon Crawl Stone Soup version 0.28.0-43-g3370ac3207 (webtiles) character file.

Game seed: 12211460419697895819

159 tizbic2 the Shooter (level 5, -4/31 HPs)
             Began as a Deep Elf Hunter on Mar 17, 2022.
             Killed from afar by a white imp (6 damage)
             ... with a puff of frost
             ... summoned by Natasha
             ... on level 2 of the Dungeon.
             The game lasted 00:09:01 (2024 turns).

tizbic2 the Shooter (Deep Elf Hunter)               Turns: 2024, Time: 00:09:02

Health: -4/31      AC:  8    Str:  9    XL:     5   Next: 17%
Magic:  11/11      EV: 12    Int: 18    God:
Gold:   92         SH:  0    Dex: 15    Spells: 9/9 levels left

rFire   . . .      SeeInvis .   w - +1 shortbow
rCold   . . .      Faith    .   (shield currently unavailable)
rNeg    . . .      Spirit   .   c - +1 leather armour
rPois   .          Reflect  .   (no helmet)
rElec   .          Harm     .   (no cloak)
rCorr   .          Rampage  .   (no gloves)
Will    .....                   (no boots)
Stlth   ++........              e - amulet of magic regeneration
HPRegen 0.10/turn               i - +4 ring of protection
MPRegen 0.52/turn               (no ring)

@: invisible
A: no striking features
a: no special abilities


You were on level 2 of the Dungeon.
You visited 1 branch of the dungeon, and saw 2 of its levels.

You collected 92 gold pieces.

Inventory:

Hand Weapons
 a - a +2 dagger of venom
 w - a +1 shortbow (weapon)
Missiles
 d - 7 arrows (quivered ammo)
 h - 4 poisoned darts
Armour
 c - a +1 leather armour (worn)
Jewellery
 e - an amulet of magic regeneration (around neck)
 i - a +4 ring of protection (left hand)
Scrolls
 k - a scroll of teleportation {unknown}
 l - a scroll of identify {unknown}
Potions
 f - a potion of flight
 j - a potion of heal wounds {unknown}


   Skills:
 + Level 2.6 Fighting
 * Level 7.1 Bows
 - Level 2.4 Dodging
 - Level 1.2 Stealth
 + Level 2.9 Spellcasting


You had 9 spell levels left.
You didn't know any spells.
Your spell library was empty.

Dungeon Overview and Level Annotations

Branches:
Dungeon (2/15)

Altars:

Shops:
D:2 [

Annotations:
D:2 Natasha


Message History

Natasha glows brightly for a moment.
Natasha misses you.
Fire: 12 arrows
Press: ? - help, Q - select action, (/) - cycle Shift-Dir - straight line, f/p - Natasha
Aim: Natasha (lightly wounded, 58% to hit)
You shoot an arrow. The arrow barely misses Natasha.
The white imp barely misses you. Natasha closely misses you.
Unknown command.
Fire: 11 arrows
Press: ? - help, Q - select action, (/) - cycle Shift-Dir - straight line, f/p - Natasha
Aim: Natasha (lightly wounded, 58% to hit)
You shoot an arrow. The arrow hits Natasha.
Natasha is lightly wounded.
The white imp gestures at you. The puff of frost hits you!
Natasha barely misses you.
Fire: 10 arrows
Press: ? - help, Q - select action, (/) - cycle Shift-Dir - straight line, f/p - Natasha
Aim: Natasha (lightly wounded, 58% to hit)
You shoot an arrow. The arrow closely misses Natasha.
The white imp hits you but does no damage.
Natasha barely misses you.
Fire: 9 arrows
Press: ? - help, Q - select action, (/) - cycle Shift-Dir - straight line, f/p - Natasha
Aim: Natasha (lightly wounded, 58% to hit)
You shoot an arrow. The arrow hits Natasha.
Natasha is moderately wounded.
The white imp gestures at you. The puff of frost hits you. Natasha claws you.
* * * LOW HITPOINT WARNING * * *
Fire: 8 arrows
Press: ? - help, Q - select action, (/) - cycle Shift-Dir - straight line, f/p - Natasha
Aim: Natasha (moderately wounded, 58% to hit)
You shoot an arrow. The arrow barely misses Natasha.
The white imp barely misses you. Natasha claws you.
* * * LOW HITPOINT WARNING * * *
It was a potion of invisibility.
You fade into invisibility!
The white imp gestures at you. The puff of frost hits you.
You die...

......#.#
......#.#
.....(#'#######
..............#
...>...(......#
.....(........#
......5.......#
#(h@......#
#.#'####### #
#.####
#.#....###
#......'.#
###....#.#
#....#.#
#....#.#
#....#.#


You could see Natasha and a white imp (summoned).

Vanquished Creatures
  Natasha (twice) (D:2)
  Robin (D:2)
  3 adders (D:2)
  2 worms (D:2)
  3 dart slugs
  4 ball pythons
  3 bats (D:1)
  9 endoplasms
  4 giant cockroaches
  7 goblins
  3 hobgoblins (D:2)
  2 jackals (D:1)
  A quokka (D:2)
  4 frilled lizards
  5 kobolds
  5 rats
58 creatures vanquished.

Notes
Turn   | Place    | Note
-------+----------+-------------------------------------------
     0 | D:1      | tizbic2 the Deep Elf Hunter began the quest for the Orb.
     0 | D:1      | Reached XP level 1. HP: 12/12 MP: 3/3
   248 | D:1      | Reached skill level 1 in Spellcasting
   248 | D:1      | Reached XP level 2. HP: 17/17 MP: 5/5
   585 | D:1      | Reached skill level 6 in Bows
   597 | D:1      | Reached XP level 3. HP: 16/21 MP: 7/7
  1390 | D:2      | Noticed Natasha
  1395 | D:2      | Noticed Robin
  1409 | D:2      | Killed Natasha
  1410 | D:2      | Reached XP level 4. HP: 9/26 MP: 9/9
  1748 | D:2      | Found Bezugyw's Antique Armour Shoppe.
  1785 | D:2      | Killed Robin
  1800 | D:2      | Noticed Natasha
  1811 | D:2      | Killed Natasha
  1812 | D:2      | Reached skill level 7 in Bows
  1812 | D:2      | Reached XP level 5. HP: 22/31 MP: 9/11
  2011 | D:2      | Noticed Natasha
  2024 | D:2      | Killed from afar by a white imp

Illustrated notes

Levels and vault maps discovered:
D:1:      lemuel_arrival_hallway, layout_basic, serial_co_window_serial,
          co_window_paths_a, co_window_corner_a, co_window_paths_a,
          co_window_of_opportunity_a, co_window_of_opportunity_a,
          co_window_paths_a, co_window_cross_1, co_window_corner_a,
          co_window_paths_b, co_window_corner_b, co_window_2corner,
          co_window_of_opportunity_b, glass_columns_a, glass_columns_a,
          glass_columns_a, glass_columns_c, minmay_tromino_v2
D:2:      layout_basic, serial_shops, shop_statue, uniq_natasha, uniq_robin

Skill      XL: |  1  2  3  4 |
---------------+-------------+-----
Spellcasting   | 1 2 |  2.9
Bows           | 6 7 |  7.1
Fighting       | 2 |  2.6
Dodging        | |  2.4
Stealth        | |  1.2

Action                   |  1- 3 |  4- 6 || total
-------------------------+-------+-------++-------
Melee: Dagger            |    41 |    33 ||    74
       Punch             |     1 |     1 ||     2
 Fire: Shortbow          |    61 |    38 ||    99
Throw: Dart              |       |     3 ||     3
  Use: Potion            |       |     3 ||     3
       Scroll            |       |     1 ||     1
Armor: Leather armour    |    13 |    26 ||    39
Dodge: Dodged            |    37 |    25 ||    62
